 Dungeon Crawl Stone Soup version 0.29.1-2-gbd0b4ee654 (webtiles) character file.

Game seed: 7705168293918339941

2280 Icepheonix32 the Fighter (level 9, -4/81 (82) HPs)
             Began as a Minotaur Fighter on Oct 24, 2022.
             Was a Follower of Okawaru.
             Slain by a two-headed ogre
             ... wielding a +0 giant club
              (9 damage)
             ... on level 7 of the Dungeon.
             The game lasted 00:09:45 (6922 turns).

Icepheonix32 the Fighter (Minotaur Fighter)         Turns: 6922, Time: 00:09:46

HP:   -4/81 (82)    AC: 13    Str: 23    XL:     9   Next: 16%
MP:   10/10         EV: 11    Int:  7    God:    Okawaru [*.....]
Gold: 16            SH:  5    Dex: 13    Spells: 8/8 levels left

rFire   . . .      SeeInvis +   n - +6 short sword "Hocao" {pain, rC+ Str+3}
rCold   + + +      Faith    .   c - +0 buckler
rNeg    . . .      Spirit   .   t - +1 scale mail of Hycith {rElec rC++ rCorr Stlth+}
rPois   +          Reflect  .   (helmet restricted)
rElec   +          Harm     .   y - +0 cloak
rCorr   +          Rampage  .   (no gloves)
Will    .....                   j - +2 pair of boots
Stlth   +.........              (no amulet)
HPRegen 0.23/turn               s - ring of poison resistance
MPRegen 0.12/turn               o - ring of see invisible

@: lightly drained
A: horns 2, retaliatory headbutt
a: Renounce Religion, Heroism


You were on level 7 of the Dungeon.
You worshipped Okawaru.
Okawaru was aware of your devotion.
You visited 2 branches of the dungeon, and saw 8 of its levels.
You also visited: Sewer.

You collected 381 gold pieces.
You spent 365 gold pieces at shops.

Inventory:

Hand Weapons
 a - a +1 war axe
 n - the +6 short sword "Hocao" (weapon) {pain, rC+ Str+3}
   (You found it on level 2 of the Dungeon)

   In the hands of one skilled in necromantic magic, it inflicts extra damage on
   living creatures.
   Str:       It affects your strength (+3).
   rC:        It protects you from cold.
 r - a +3 dire flail
Missiles
 l - 13 boomerangs (quivered)
 w - 5 javelins
Armour
 b - a +0 scale mail
 c - a +0 buckler (worn)
 j - a +2 pair of boots (worn)
 t - the +1 scale mail of Hycith (worn) {rElec rC++ rCorr Stlth+}
   (You found it in a sewer)

   rC:        It greatly protects you from cold.
   rElec:     It insulates you from electricity.
   rCorr:     It protects you from acid and corrosion.
   Stlth:     It makes you more stealthy.
 y - a +0 cloak (worn)
 z - a +1 leather armour of fire resistance
Jewellery
 o - a ring of see invisible (right hand)
 s - a ring of poison resistance (left hand)
 v - a ring of protection from cold
 B - a ring of protection from cold
Wands
 A - a wand of flame (41)
Scrolls
 e - 3 scrolls of fog
 g - 2 scrolls of amnesia
 i - a scroll of silence
 k - a scroll of identify
 m - 3 scrolls of teleportation
 p - 2 scrolls of poison
 u - a scroll of fear
Potions
 d - 4 potions of might
 f - 2 potions of curing
 h - a potion of lignification
 q - 2 potions of attraction
 C - a potion of berserk rage
 D - 2 potions of brilliance
 E - a potion of haste


   Skills:
 * Level 8.4 Fighting
 + Level 6.5 Short Blades
 + Level 3.8 Axes
 + Level 7.7 Armour
 + Level 3.0 Dodging
 + Level 1.1 Stealth
 + Level 5.5 Shields
 * Level 2.6 Invocations


You had 8 spell levels left.
You didn't know any spells.
Your spell library contained the following spells:

 Spells                   Type           Power      Damage    Failure   Level
 Apportation              Tloc           0%         N/A       80%         1
 Foxfire                  Conj/Fire      0%         2x1d4     80%         1
 Conjure Flame            Conj/Fire      0%         6-21      99%         3
 Dazzling Flash           Conj/Hex       0%         N/A       99%         3
 Inner Flame              Hex/Fire       0%         N/A       99%         3
 Flame Wave               Conj/Fire      0%         2d4       100%        4
 Agony                    Necr           0%         N/A       100%        5
 Alistair's Intoxication  Tmut/Pois      0%         N/A       100%        5
 Silence                  Hex/Air        0%         N/A       100%        5
 Eringya's Noxious Bog    Tmut/Pois      0%         N/A       100%        6
 Summon Small Mammal      Summ           Unusable   N/A       N/A         1
 Call Canine Familiar     Summ           Unusable   N/A       N/A         3
 Summon Guardian Golem    Hex/Summ       Unusable   N/A       N/A         3
 Summon Forest            Summ/Tloc      Unusable   N/A       N/A         5
 Malign Gateway           Summ/Tloc      Unusable   N/A       N/A         7
 Summon Hydra             Summ           Unusable   N/A       N/A         7
 Summon Horrible Things   Summ           Unusable   N/A       N/A         8

Dungeon Overview and Level Annotations

Branches:
Dungeon (7/15)             Temple (1/1) D:6           Sewer (visited)

Altars:
Ashenzari
Cheibriados
Dithmenos
Fedhas
Gozag
Hepliaklqana
Kikubaaqudgha
Makhleb
Nemelex Xobeh
Okawaru
Qazlal
Ru
Sif Muna
Trog
Uskayaw
Vehumet
Wu Jian
Xom
Yredelemnul
The Shining One

Shops:
D:1 :   D:3 *   D:6 ::   D:7 (*::

Annotations:
D:5 2 runed translucent doors, Dillybarz's ghost, novice GrFi


Innate Abilities, Weirdness & Mutations

You have a pair of horns on your head.
You reflexively headbutt those who attack you in melee.


Message History

As you open the door, it creaks loudly!
There is an open door here.
e - 2 scrolls of fog (gained 1)
Found Abbu's Book Shop.
e - 3 scrolls of fog (gained 1)
There is an entrance to Abbu's Book Shop here.
Found a ring mail.
A two-headed ogre comes into view. It is wielding two +0 giant clubs.
The two-headed ogre shouts in stereo!
Aiming: Throw Flame
Press: ? - help, Shift-Dir - straight line, f - two-headed ogre
Aim: a two-headed ogre, wielding two +0 giant clubs (85% to hit)
The puff of flame hits the two-headed ogre.
The two-headed ogre is lightly wounded.
Unknown command.
You puncture the two-headed ogre!
The two-headed ogre is lightly wounded.
The two-headed ogre hits you with a +0 giant club!!
You block the two-headed ogre's attack.
You hit the two-headed ogre. You headbutt the two-headed ogre!
The two-headed ogre is moderately wounded.
You puncture the two-headed ogre!
The two-headed ogre is heavily wounded.
The two-headed ogre misses you.
The two-headed ogre hits you with a +0 giant club!!
You barely miss the two-headed ogre.
The two-headed ogre is heavily wounded.
You hit the two-headed ogre. You headbutt the two-headed ogre!
The two-headed ogre is severely wounded.
The two-headed ogre hits you but does no damage.
You block the two-headed ogre's attack.
You hit the two-headed ogre but do no damage.
The two-headed ogre is severely wounded.
You hit the two-headed ogre.
Your headbutt misses the two-headed ogre.
The two-headed ogre is almost dead.
The two-headed ogre hits you with a +0 giant club!!
* * * LOW HITPOINT WARNING * * *
The two-headed ogre hits you with a +0 giant club!
You die...

########## #........#
#....[...# #........##
#..@O...... ###
#########........##
#.###..........##+###.#
#...#........#.........
#...#........#.........
#...#........#........#
'...#..........########
#...#..........#
#...#........#.#


You could see a two-headed ogre.

Vanquished Creatures
  Duvessa (D:6)
  Pargi (Sewer)
  2 sky beasts
  A black bear (D:5)
  An ice beast (D:6)
  An ogre (D:4)
  Blork the orc (D:5)
  2 kobold brigands
  4 bullfrogs
  A gnoll sergeant (D:7)
  2 scorpions
  A necrophage (D:6)
  5 wights (D:7)
  Dowan (D:6)
  2 howler monkeys (D:6)
  A jelly (D:4)
  An orc priest (D:4)
  2 hounds (D:5)
  4 orc wizards (D:4)
  3 iguanas
  Robin (D:3)
  8 gnolls
  4 adders
  2 white imps (D:5)
  An ufetubus (D:4)
  A worm (D:4)
  4 dart slugs
  11 orcs
  9 endoplasms
  5 giant cockroaches
  17 goblins
  7 hobgoblins
  8 quokkas
  5 ball pythons
  8 bats
  3 frilled lizards
  12 kobolds
  6 rats
149 creatures vanquished.

Notes
Turn   | Place    | Note
-------+----------+-------------------------------------------
     0 | D:1      | Icepheonix32 the Minotaur Fighter began the quest for the
                  | Orb.
     0 | D:1      | Reached XP level 1. HP: 19/19 MP: 0/0
   185 | D:1      | Found a faded altar of an unknown god.
   218 | D:1      | Reached XP level 2. HP: 26/27 MP: 1/1
   255 | D:1      | Reached skill level 4 in Fighting
   328 | D:1      | Found Qiwanol's Book Shop.
   855 | D:2      | Reached XP level 3. HP: 29/34 MP: 2/2
   972 | D:2      | Found a burning altar of Makhleb.
  1278 | D:2      | Identified the +6 short sword "Hocao" {pain, rC+ Str+3}
  1833 | D:3      | Found a glowing drain.
  1838 | Sewer    | Entered a sewer
  1855 | Sewer    | Identified the +1 scale mail of Hycith {rElec rC++ rCorr
                  | Stlth+}
  1873 | Sewer    | Noticed Pargi
  1883 | Sewer    | Killed Pargi
  1884 | Sewer    | Reached XP level 4. HP: 25/41 MP: 3/3
  1884 | Sewer    | Reached XP level 5. HP: 29/47 MP: 4/4
  2143 | D:3      | Reached skill level 5 in Fighting
  2148 | D:3      | Reached skill level 1 in Short Blades
  2279 | D:3      | Noticed Robin
  2304 | D:3      | Killed Robin
  2631 | D:3      | Found Pumu Fop's Assorted Antiques.
  2707 | D:3      | Bought 2 dark potions for 45 gold pieces
  2707 | D:3      | Bought a sapphire potion for 22 gold pieces
  2707 | D:3      | Bought a green potion for 22 gold pieces
  2707 | D:3      | Bought a scroll labelled CEL GEBUCOATIH for 25 gold pieces
  2813 | D:4      | Reached skill level 5 in Armour
  2813 | D:4      | Reached XP level 6. HP: 42/56 MP: 5/5
  3024 | D:4      | Found a blossoming altar of Fedhas.
  3035 | D:4      | Found an ornate altar of the Wu Jian Council.
  3037 | D:4      | Found a stormy altar of Qazlal.
  3038 | D:4      | Found a snail-covered altar of Cheibriados.
  3039 | D:4      | Found an ancient bone altar of Kikubaaqudgha.
  3041 | D:4      | Found a hazy altar of Hepliaklqana.
  3042 | D:4      | Found an opulent altar of Gozag.
  3131 | D:4      | Reached skill level 1 in Dodging
  3471 | D:4      | Reached XP level 7. HP: 19/62 MP: 6/6
  3706 | D:4      | Reached skill level 6 in Fighting
  4074 | D:5      | Entered Level 5 of the Dungeon
  4211 | D:5      | Noticed Blork the orc
  4224 | D:5      | Killed Blork the orc
  4440 | D:5      | Reached skill level 5 in Shields
  4597 | D:5      | Found a sparkling altar of Nemelex Xobeh.
  4625 | D:5      | Found a runed translucent door.
  4638 | D:5      | Found a runed translucent door.
  4639 | D:5      | Noticed Dillybarz's ghost (novice GrFi)
  4765 | D:6      | Found Naukk's Self-Improvement Boutique.
  4788 | D:6      | Reached XP level 8. HP: 57/71 MP: 7/7
  5053 | D:6      | Reached skill level 7 in Fighting
  5108 | D:6      | Reached skill level 5 in Short Blades
  5193 | D:6      | Found a staircase to the Ecumenical Temple.
  5216 | Temple   | Entered the Ecumenical Temple
  5216 | Temple   | Found a transporter.
  5216 | Temple   | Found a transporter.
  5218 | Temple   | Found a transporter.
  5218 | Temple   | Found a transporter.
  5274 | Temple   | Became a worshipper of Warmaster Okawaru
  5371 | D:6      | Noticed Dowan
  5371 | D:6      | Noticed Duvessa
  5397 | D:6      | Killed Duvessa
  5398 | D:6      | Reached skill level 1 in Stealth
  5398 | D:6      | Reached skill level 1 in Invocations
  5653 | D:6      | Killed Dowan
  5739 | D:6      | Found Kiemor's Book Emporium.
  6145 | D:7      | Reached * piety under Okawaru
  6152 | D:7      | Reached skill level 8 in Fighting
  6333 | D:7      | Found Tama Jin's General Store.
  6337 | D:7      | Reached XP level 9. HP: 81/81 MP: 9/9
  6474 | D:7      | Bought a scroll of identify for 26 gold pieces
  6478 | D:7      | Found a glowing golden altar of the Shining One.
  6518 | D:7      | Found Haheon's Weapon Boutique.
  6665 | D:3      | Bought a coral ring for 125 gold pieces
  6665 | D:3      | Bought a potion of might for 100 gold pieces
  6801 | D:7      | Found Lujulion's Book Emporium.
  6887 | D:7      | Found Abbu's Book Shop.
  6912 | D:7      | Noticed a two-headed ogre
  6922 | D:7      | Slain by a two-headed ogre

Illustrated notes

Levels and vault maps discovered:
D:1:      minmay_arrival_cross, layout_loops_ring, basic_ecumenical_altar,
          serial_shops, shop
D:2:      minmay_general_purpose_star, layout_loops_corners, basic_altar,
          chequers_serial_rivers_small_a
D:3:      layout_loops_cross, serial_shops, nicolae_shop_waterfront,
          gup_sewer_entry_bowl, serial_park_tiny_pond, uniq_robin
D:4:      layout_basic, grunt_temple_overflow_open
D:5:      layout_gridville, nemelex_diamond_rough_becter, ebering_ghost_sewer_f,
          uniq_blork_the_orc
D:6:      layout_basic, minmay_temple_entry_statues_pillars, serial_shops, shop,
          nicolae_shop_self_help, uniq_duvessa
D:7:      minmay_the_grid_octo_tiled_squarecenter [minmay_the_grid_octo_clover,
          minmay_the_grid_octo_thin_diamonds, minmay_the_grid_octo_checkered,
          minmay_the_grid_octo_chip,
          minmay_the_grid_square_5x5_megaprize_checkered,
          minmay_the_grid_square_5x5_seven, minmay_the_grid_square_5x5_fat_x,
          minmay_the_grid_square_5x5_minivault,
          minmay_the_grid_square_5x5_shrine2], layout_gridville,
          good_gods_temple_1, serial_shops, shop_statue, shop,
          nicolae_shop_crystal, nicolae_stop_n_shop_2, shop
Temple:   hellmonk_temple_divided_pantheon

Skill      XL: |  1  2  3  4  5  6  7  8  9 |
---------------+----------------------------+-----
Fighting       | 4 5 6 8 |  8.4
Shields        | 4 5 |  5.5
Armour         | 4 5 6 7 |  7.7
Axes           | 3 |  3.8
Short Blades   | 2 3 4 6 |  6.5
Dodging        | 1 2 3 |  3.0
Stealth        | 1 |  1.1
Invocations    | 2 |  2.6

Action                   |  1- 3 |  4- 6 |  7- 9 || total
-------------------------+-------+-------+-------++-------
Melee: War axe           |    70 |       |       ||    70
       Headbutt          |    16 |    21 |    40 ||    77
       Short sword       |    25 |   129 |   202 ||   356
Evoke: Wand              |       |       |     1 ||     1
  Use: Scroll            |     5 |     4 |     1 ||    10
       Potion            |       |       |    12 ||    12
 Stab: Sleeping          |       |     1 |       ||     1
Armor: Scale mail        |    66 |    64 |   102 ||   232
Dodge: Dodged            |    44 |    48 |    86 ||   178
Block: Buckler           |    26 |    31 |    51 ||   108
